 Dungeon Crawl Stone Soup version 0.26-a0-812-g31a745ddcd (webtiles) character file.

Game seed: 12788099817778663953

672 tsouns the Ruffian (level 7, -3/72 HPs)
             Began as a Troll Monk on Dec 8, 2020.
             Was an Elder of Cheibriados.
             Slain by a gnoll
             ... wielding a +0 spear
              (6 damage)
             ... while paralysed by a gnoll
             ... on level 4 of the Dungeon.
             The game lasted 00:05:42 (2600 turns).

tsouns the Ruffian (Troll Monk)                     Turns: 2600, Time: 00:05:42

Health: -3/72      AC:  7    Str: 30    XL:     7   Next: 32%
Magic:  6/6        EV:  1    Int: 16    God:    Cheibriados [****..]
Gold:   156        SH:  0    Dex: 21    Spells: 6/6 levels left

rFire    . . .     SeeInvis .     - Unarmed
rCold    . . .     Faith    .   (no shield)
rNeg     . . .     Spirit   .   a - +1 robe
rPois    .         Reflect  .   (helmet restricted)
rElec    .         Harm     .   (no cloak)
rCorr    .         Rampage  .   (gloves unavailable)
MR       .....                  (boots unavailable)
Stlth    +.........             (no amulet)
HPRegen  0.62/turn              p - ring of attention (curse)
MPRegen  0.10/turn              n - +4 ring of slaying

@: paralysed, very slow
A: large, unfitting armour, claws 3, regeneration 1, shaggy fur 1, tough skin 3
a: Bend Time, Temporal Distortion, Slouch, Renounce Religion


You were on level 4 of the Dungeon.
You worshipped Cheibriados.
Cheibriados was greatly pleased with you.
You visited 1 branch of the dungeon, and saw 4 of its levels.

You collected 156 gold pieces.

Inventory:

Missiles
 d - 8 datura-tipped darts (quivered)
 i - 14 poisoned darts
Armour
 a - a +1 robe (worn)
Jewellery
 g - an uncursed ring of positive energy
 n - a +4 ring of slaying (right claw)
 p - a cursed ring of attention (left claw)
 q - an uncursed ring of stealth {unknown}
 s - an uncursed ring of protection from cold {unknown}
 t - an uncursed ring of positive energy
Scrolls
 e - a scroll of fog
 h - 2 scrolls of remove curse
 r - a scroll of fear {unknown}
 u - 2 scrolls of immolation
Potions
 b - a potion of ambrosia
 c - 2 potions of lignification
 f - 3 potions of curing
 j - a potion of attraction {unknown}
 k - a potion of haste {unknown}
 l - a potion of brilliance {unknown}
 m - a potion of mutation {unknown}
 o - a potion of flight {unknown}


   Skills:
 + Level 5.3 Fighting
 - Level 2.4 Dodging
 - Level 1.0 Stealth
 + Level 6.4 Unarmed Combat


You had 6 spell levels left.
You didn't know any spells.
Your spell library was empty.

Dungeon Overview and Level Annotations

Branches:
Dungeon (4/15)
 Temple: D:4-7

Altars:
Ashenzari
Cheibriados
Nemelex Xobeh


Innate Abilities, Weirdness & Mutations

You are too large for most types of armour.
You have claws for hands.
Your natural rate of healing is unusually fast.
You are covered in fur. (AC +1)
You have extremely tough skin. (AC +3)


Message History

You suddenly lose the ability to move!
The gnoll hits you from afar with a +0 spear. x2
The gnoll hits you from afar with a +0 halberd!
The gnoll hits you but does no damage. x2
The gnoll hits you from afar with a +0 spear.
The gnoll hits you from afar with a +0 halberd.
* * * LOW HITPOINT WARNING * * *
The gnoll hits you but does no damage.
The gnoll hits you from afar with a +0 spear.
* * * LOW HITPOINT WARNING * * *
The gnoll hits you but does no damage. The gnoll hits you with a +0 whip.
* * * LOW HITPOINT WARNING * * *
The gnoll hits you but does no damage.
The gnoll hits you from afar with a +0 spear.
* * * LOW HITPOINT WARNING * * *
The gnoll hits you but does no damage. The gnoll hits you but does no damage.
The gnoll hits you from afar with a +0 spear.
You die...

.....#...................
....##....#.........#..##
######†.............##...
##.....#.........####.
#.>.≈≈≈≈≈≈≈≈≈....# ###
......#.≈##≈≈≈##≈....###≈≈
#######.≈#######≈......§§#
#.....≈≈#g..#≈≈.......≈#
#....).@gg.(#≈≈.......≈#
#.....≈≈#g..#≈≈.......≈≈
#.....≈#######≈.........
#.....≈# #≈.......##
#.....≈≈ ≈≈≈.......#
#..(..... ####.#######
########.# #. .# ##


You could see 4 gnolls.

Vanquished Creatures
  Blork the orc (D:4)
  A gnoll sergeant (D:4)
  2 hounds
  2 orc priests
  5 orc wizards
  An iguana (D:4)
  3 worker ants (D:4)
  9 adders
  A worm (D:2)
  A dart slug (D:1)
  2 leopard geckos
  12 orcs
  2 ball pythons
  5 giant cockroaches
  8 goblins
  11 hobgoblins
  3 jackals (D:2)
  2 quokkas (D:2)
  8 bats
  8 frilled lizards
  15 kobolds
  8 rats
110 creatures vanquished.

Notes
Turn   | Place    | Note
-------+----------+-------------------------------------------
     0 | D:1      | tsouns the Troll Monk began the quest for the Orb.
     0 | D:1      | Reached XP level 1. HP: 22/22 MP: 0/0
   235 | D:1      | Reached XP level 2. HP: 29/29 MP: 1/1
   730 | D:1      | Reached XP level 3. HP: 35/37 MP: 2/2
  1031 | D:2      | Reached skill level 4 in Unarmed Combat
  1153 | D:2      | Reached XP level 4. HP: 45/45 MP: 3/3
  1167 | D:2      | Found a snail-covered altar of Cheibriados.
  1180 | D:2      | Became a worshipper of Cheibriados the Contemplative
  1180 | D:2      | Reached * piety under Cheibriados
  1180 | D:2      | Reached ** piety under Cheibriados
  1781 | D:3      | Reached *** piety under Cheibriados
  1805 | D:3      | Reached XP level 5. HP: 54/54 MP: 4/4
  1886 | D:3      | Reached skill level 5 in Unarmed Combat
  1899 | D:3      | Reached XP level 6. HP: 60/63 MP: 5/5
  2402 | D:4      | Reached **** piety under Cheibriados
  2468 | D:4      | Reached skill level 6 in Unarmed Combat
  2473 | D:4      | Reached skill level 5 in Fighting
  2523 | D:4      | Reached XP level 7. HP: 70/72 MP: 6/6
  2530 | D:4      | Found a broken altar of Ashenzari.
  2559 | D:4      | Found a sparkling altar of Nemelex Xobeh.
  2572 | D:4      | Noticed Blork the orc
  2579 | D:4      | Killed Blork the orc
  2596 | D:4      | Paralysed by a gnoll for 5 turns
  2599 | D:4      | HP: 2/72 [gnoll/+0 spear (6)]
  2600 | D:4      | Slain by a gnoll

Illustrated notes

Levels and vault maps discovered:
D:1:      lightli_arrival_quake, layout_loops_corners, minmay_split_cup_large
D:2:      layout_basic, nicolae_overflow_crystal_walls, kennysheep_minor_cross
D:3:      layout_loops_ring
D:4:      layout_rooms, kennysheep_mini_moat, overflow_temple_1_default,
          lightli_minifort, uniq_blork_the_orc

Skill      XL: |  1  2  3  4  5  6 |
---------------+-------------------+-----
Fighting       | 3 4 5 |  5.3
Unarmed Combat | 4 5 6 |  6.4
Dodging        | |  2.4
Stealth        | |  1.0

Action                   |  1- 3 |  4- 6 |  7- 9 || total
-------------------------+-------+-------+-------++-------
Melee: Unarmed           |    75 |   134 |    10 ||   219
       Punch             |     1 |     3 |       ||     4
  Use: Scroll            |     4 |     4 |       ||     8
 Stab: Sleeping          |     2 |     3 |       ||     5
Armor: Robe              |    29 |    44 |    12 ||    85
Dodge: Dodged            |    40 |    65 |    13 ||   118

Table legend: (Time is in decaauts)
 A = Elapsed time spent in this place.
 B = Non-inter-level travel time spent in this place.
 C = Inter-level travel time spent in this place.
 D = Time resting spent in this place.
 E = Time spent auto-exploring this place.
 F = Levels seen in this place.
 G = Mean time per level.
                   A        B        C        D        E       F      G
               +--------+--------+--------+--------+--------+-----+--------+
         Total |   3312 |   3217 |     95 |      0 |   2505 |   4 |  828.0 |
       Dungeon |   3312 |   3217 |     95 |      0 |   2505 |   4 |  828.0 |
               +--------+--------+--------+--------+--------+-----+--------+

Top non-repeatable levels by time:
     D:2: 1018 daAuts
     D:1: 1013 daAuts
     D:3: 938 daAuts
     D:4: 341 daAuts
